 Dungeon Crawl Stone Soup version 0.16.1-18-g436b03c (webtiles) character file.

300 Leviathan2552 the Insei (level 6, -11/47 HPs)
             Began as a Vampire Monk on May 5, 2015.
             Mangled by nicksoapdish's ghost (17 damage)
             ... on level 4 of the Dungeon.
             The game lasted 00:14:57 (10430 turns).

Leviathan2552 the Insei (Vampire Monk)             Turns: 10430, Time: 00:14:57

Health: -11/47     AC:  2    Str: 12    XL:     6   Next: 13%
Magic:  6/6        EV: 15    Int: 12    God:
Gold:   132        SH:  0    Dex: 16    Spells: 0 memorised, 5 levels left

rFire  . . .     SeeInvis +       - Unarmed
rCold  + + .     Clarity  .     a - +0 robe
rNeg   + + +     SustAb   .     (no shield)
rPois  +         Gourm    .     (no helmet)
rElec  .         Spirit   .     (no cloak)
rCorr  .         Warding  .     (no gloves)
rMut   .         Stasis   .     (no boots)
MR     .....                    (no amulet)
Stlth  ++++......               (no ring)
                                (no ring)

@: regenerating slowly, not resistant to hostile enchantments, stealthy
A: bottle blood, fangs 3, see invisible, unbreathing
a: Bat Form


You were on level 4 of the Dungeon.
You were near bloodless.

You visited 1 branch of the dungeon, and saw 4 of its levels.

You collected 132 gold pieces.

Inventory:

Armour
 a - a +0 robe (worn)
 o - a +0 shield
Jewellery
 c - an uncursed ring of magical power {unknown}
 l - an uncursed ring of wizardry {unknown}
Scrolls
 d - a scroll of amnesia {unknown}
 e - a scroll of enchant weapon {unknown}
 h - 2 scrolls of random uselessness {unknown}
 j - a scroll of recharging {unknown}
 n - a scroll of remove curse {unknown}
 p - 2 scrolls of teleportation {unknown}
 q - 3 scrolls of identify {unknown}
Potions
 b - 2 potions of blood
 f - a potion of ambrosia {unknown}
 g - a potion of haste {unknown}
 i - 2 potions of flight {unknown}
 k - 4 potions of cancellation {unknown}
 m - a potion of heal wounds {unknown}
 r - a potion of restore abilities {unknown}
 s - a potion of agility {unknown}


   Skills:
 + Level 3.3 Fighting
 + Level 5.3 Dodging
 + Level 5.3 Stealth
 + Level 5.6 Unarmed Combat


You had 5 spell levels left.
You didn't know any spells.

Dungeon Overview and Level Annotations

Branches:
Dungeon (4/15)
 Temple: D:4-7

Altars:
Qazlal

Annotations:
D:4 nicksoapdish's ghost, average FoFi


Innate Abilities, Weirdness & Mutations

You heal slowly.
You can bottle blood from corpses.
You have razor-sharp teeth.
You have supernaturally acute eyesight.
You can survive without breathing.


Message History

The jackal is almost dead.
The jackal closely misses you. The jackal misses you.
You hit the jackal.
You kill the jackal!
You see here a jackal corpse.
You bottle the corpse's blood.
One of your 2 potions of blood rots away.
b - 2 potions of blood (gained 1)
There is a stone staircase leading down here.
You climb downwards.
Level annotation: nicksoapdish's ghost, average FoFi Nicksoapdish's ghost hits you! x2
There is a stone staircase leading up here.
Nicksoapdish's ghost hits you!
* * * LOW HITPOINT WARNING * * *
You barely miss nicksoapdish's ghost.
You bite nicksoapdish's ghost, but do no damage.
Nicksoapdish's ghost whispers, "There is no future for you."
Nicksoapdish's ghost hits you!
You die...

.. ...##
#..######
#......###
###........##
##...........#
##..............#
#.......#....#
#.....###...##
...###### ##.##
#.. ##


You could see nicksoapdish's ghost.

Vanquished Creatures
  An ice beast (D:4)
  An orc priest (D:3)
  5 adders
  3 gnolls (D:2)
  A worm (D:2)
  3 giant geckos
  5 orcs
  5 giant cockroaches
  7 hobgoblins
  12 jackals
  12 kobolds
  A quokka (D:3)
  2 ball pythons
  8 bats
  9 giant newts
  12 goblins
  11 rats
98 creatures vanquished.

Notes
Turn   | Place    | Note
--------------------------------------------------------------
     0 | D:1      | Leviathan2552, the Vampire Monk, began the quest for the Orb.
     0 | D:1      | Reached XP level 1. HP: 17/17 MP: 1/1
   135 | D:1      | Reached XP level 2. HP: 5/23 MP: 2/2
   245 | D:1      | HP: 1/23 [hobgoblin (3)]
   256 | D:1      | HP: 1/23 [giant cockroach (2)]
   266 | D:1      | HP: 1/23 [giant cockroach (1)]
   380 | D:1      | Reached XP level 3. HP: 8/28 MP: 3/3
  2918 | D:1      | Reached skill level 5 in Unarmed Combat
  5344 | D:2      | Reached XP level 4. HP: 21/35 MP: 4/4
  6261 | D:2      | Found a stormy altar of Qazlal.
  7455 | D:3      | Reached XP level 5. HP: 29/41 MP: 5/5
  8147 | D:4      | Noticed an ice beast
  8162 | D:4      | Reached skill level 5 in Dodging
  8175 | D:4      | Killed an ice beast
  8175 | D:4      | Reached skill level 5 in Stealth
  8175 | D:4      | Reached XP level 6. HP: 12/47 MP: 6/6
  8238 | D:4      | Noticed nicksoapdish's ghost (average FoFi)
 10430 | D:4      | Mangled by nicksoapdish's ghost

Action                   |  1- 3 |  4- 6 || total
-------------------------+-------+-------++-------
Melee: Unarmed           |   195 |   188 ||   383
 Abil: End Transformatio |     1 |       ||     1
       Bat Form          |     1 |       ||     1
  Use: Potion            |     3 |     4 ||     7
 Stab: Sleeping          |     5 |     9 ||    14
       Distracted        |       |     1 ||     1
  Eat: Corpse            |     2 |     1 ||     3
